 Dungeon Crawl Stone Soup version 0.16-a0-223-g37887f7 (webtiles) character file.

13512 Ololoev the Grappler (level 11, -4/105 HPs)
             Began as a Troll Transmuter on Aug 19, 2014.
             Was a High Priest of Okawaru.
             Slain by a spectral orc knight
             ... wielding a +2 bardiche of chopping
             ... summoned by Nergalle
              (16 damage)
             ... on Level 2 of the Lair of Beasts.
             The game lasted 01:04:49 (12385 turns).

Ololoev the Grappler (Troll Transmuter)            Turns: 12385, Time: 01:04:49

HP  -4/105       AC  7     Str 26      XL: 11   Next: 76%
MP   6/7         EV 11     Int 13      God: Okawaru [*****.]
Gold 610         SH  0     Dex 12      Spells:  1 memorised, 11 levels left

rFire  . . .     SeeInvis .       - Unarmed
rCold  . . .     Clarity  .     y - +0 robe
rNeg   . . .     rCorr    .     (shield restricted)
rPois  +         rRot     .     (helmet restricted)
rElec  .         Spirit   .     t - +1 cloak
SustAb .         Warding  .     (gloves unavailable)
rMut   .         Stasis   .     (boots unavailable)
Gourm  +                        (no amulet)
MR     .....                    A - +3 ring of intelligence
                                u - +6 ring of strength

@: appendage, heavily drained, not resistant to hostile enchantments, very
unstealthy
A: unfitting armour, claws 3, horns 2, repulsion field 1, fast metabolism 3,
gourmand, poison resistance, regeneration 2, saprovore 2, shaggy fur 1, tough
skin 2, placid magic 2
a: End Transformation, Heroism, Finesse, Renounce Religion


You were on level 2 of the Lair of Beasts.
You worshipped Okawaru.
Okawaru was extremely pleased with you.
You were not hungry.
You had grown temporary horns.
You visited 3 branches of the dungeon, and saw 14 of its levels.

You collected 733 gold pieces.
You spent 123 gold pieces at shops.

Inventory:

Armour
 q - a +0 shield
 t - a +1 cloak (worn)
 y - a +0 robe (worn)
Magical devices
 v - a wand of digging (17)
 F - a wand of draining (4)
 I - a wand of disintegration (10)
Comestibles
 a - 6 meat rations
 k - 10 royal jellies
 n - 9 bread rations
 B - 11 fruits
Scrolls
 e - a scroll of magic mapping
 f - 7 scrolls of remove curse
 l - 3 scrolls of teleportation
 m - a scroll of amnesia
 o - a scroll of recharging
 r - 5 scrolls of blinking
 E - a scroll of fear
 G - a scroll of enchant armour
Jewellery
 u - a +6 ring of strength (left claw)
 w - an uncursed ring of flight
 A - a +3 ring of intelligence (right claw)
Potions
 b - a potion of agility
 c - a potion of heal wounds {unknown}
 g - 5 potions of curing
 h - 3 potions of haste
 i - a potion of cure mutation
 j - a potion of porridge
 s - 2 potions of might
 x - a potion of cancellation
 z - a potion of invisibility
 C - 2 potions of flight
 D - 3 potions of magic
 H - a potion of resistance
 L - a potion of poison {unknown}
Books
 d - a book of Changes

   Spells                             Type                      Level
   *Beastly Appendage                 Transmutation                1
   Sticks to Snakes                   Transmutation                2
   Spider Form                        Transmutation/Poison         3
   Ice Form                           Ice/Transmutation            4
   Blade Hands                        Transmutation                5
Miscellaneous
 p - a box of beasts


   Skills:
 - Level 5.8(4.1) Fighting
 - Level 1.5(0.0) Dodging
 - Level 0.4(0.0) Stealth
 + Level 0.2(0.0) Shields
 - Level 14.5(12.4) Unarmed Combat
 - Level 1.2(0.0) Spellcasting
 * Level 7.6(5.8) Transmutations
 - Level 0.4(0.0) Evocations


You had 11 spell levels left.
You knew the following spells:

 Your Spells              Type           Power        Failure   Level  Hunger
a - Beastly Appendage     Trmt           #.....       1%          1    ##.....


Dungeon Overview and Level Annotations

Branches:
Dungeon (11/15)            Temple (1/1) D:5             Orc (0/4) D:9
   Lair (2/8) D:10

Altars:
Ashenzari
Cheibriados
Dithmenos
Elyvilon
Fedhas
Gozag
Kikubaaqudgha
Makhleb
Nemelex Xobeh
Okawaru
Qazlal
Sif Muna
Trog
Vehumet
Xom
Yredelemnul
Zin
The Shining One
Beogh

Shops:
D:5 (   D:6 *   D:9 =

Annotations:
Lair:2 Nergalle


Innate Abilities, Weirdness & Mutations

You are too large for most types of armour.
You have claws for hands.
Your metabolism is lightning-fast.
You like to eat raw meat.
You heal very quickly.
You can eat rotten meat.
You are covered in fur (AC +1).
You have very tough skin (AC +2).
You have a pair of horns on your head.
You are surrounded by a mild repulsion field (EV +2).
Your system is resistant to poisons.
Your spells are easier to cast, but less powerful.


Message History

You claw Nergalle!
Nergalle begins to bleed from her wounds!
Nergalle is lightly wounded.
The crocodile bites you!
You scratch Nergalle but do no damage.
Nergalle is lightly wounded.
Nergalle points at you and mumbles some strange words.
The bolt of negative energy misses you.
The spectral orc knight hits you with a glowing bardiche!
* * * LOW HITPOINT WARNING * * *
You feel drained.
* * * LOW HITPOINT WARNING * * *
x2 The crocodile bites you!
* * * LOW HITPOINT WARNING * * *
Drink which item? (? for menu, Esc to quit)
You feel better. Nergalle hits you but does no damage.
The spectral orc warrior hits you but does no damage.
The crocodile closely misses you.
The spectral orc knight hits you with a glowing bardiche!
You die...

##.# .#.#. ......
.## ... .....P.
..## ......
...(P#.##..#
.....
...........#
....#
.......o....#####
....#
.../P..t@Z...#..#
.#.##
........Z......#
.8..#
..#.....?......#
....#
#.#........######
.<.8# #
#...........#P#
....#
#.........#...#
.8.#..#
#..##.........#
#### ##
#...#........##
###..>.......#


You could see Nergalle (bleeding), a spectral orc knight, a spectral orc warrior
and a crocodile.

Vanquished Creatures
  An unseen horror (D:11)
  3 hill giants
  An ugly thing (D:11)
  A griffon (Lair:2)
  Maurice (D:11)
  Joseph (D:7)
  A centaur skeleton (D:11)
  3 komodo dragons (Lair:1)
  The ghost of l0ser140 the Changer, an experienced OpTm (D:5)
  2 trolls (D:11)
  Prince Ribbit (D:6)
  A two-headed ogre (D:11)
  A hungry ghost (D:7)
  2 wyverns (D:10)
  Eustachio (D:7)
  6 yaks
  A hill giant zombie (D:8)
  3 hippogriffs
  A hill giant skeleton (D:8)
  A mottled dragon (D:11)
  3 wolves (Lair:1)
  Menkaure (D:6)
  3 water moccasins
  3 ice beasts
  3 orc warriors
  2 black bears
  2 necrophages (D:9)
  5 ogres
  6 centaurs
  3 phantoms
  Sigmund (D:6)
  Duvessa (D:7)
  3 crocodiles
  7 giant frogs
  A scorpion (D:11)
  3 wights (D:9)
  An eye of draining (D:11)
  Dowan (D:7)
  A crimson imp (D:5)
  A centaur zombie (D:11)
  3 goliath beetles
  6 human zombies (D:9)
  8 orc priests
  2 hounds
  4 jellies
  A kobold skeleton (D:9)
  10 orc wizards
  A black bear skeleton (D:10)
  10 worker ants
  2 iguanas
  An ogre skeleton (D:9)
  Ijyb (D:6)
  2 mummies
  18 gnolls
  4 green rats
  3 shadow imps
  14 adders
  A worm (D:2)
  2 orc skeletons
  2 iguana skeletons
  5 oozes (D:8)
  50 orcs
  8 giant cockroaches
  27 goblins
  14 hobgoblins
  8 jackals
  8 quokkas
  3 ball pythons
  18 bats
  4 giant geckos
  4 giant newts
  A giant spore (D:6)
  2 hobgoblin skeletons
  4 kobolds
  An orc zombie (D:9)
  17 rats
  8 ballistomycetes
361 creatures vanquished.

Vanquished Creatures (others)
  A giant spore (D:8)
1 creature vanquished.

Grand Total: 362 creatures vanquished

Notes
Turn   | Place    | Note
--------------------------------------------------------------
     0 | D:1      | Ololoev, the Troll Transmuter, began the quest for the Orb.
     0 | D:1      | Reached XP level 1. HP: 18/18 MP: 2/2
   333 | D:1      | Reached XP level 2. HP: 10/26 MP: 2/2
   859 | D:2      | Reached skill level 4 in Unarmed Combat
  1004 | D:2      | Reached XP level 3. HP: 30/32 MP: 3/3
  1480 | D:3      | Reached XP level 4. HP: 40/40 MP: 4/4
  1504 | D:3      | Reached skill level 5 in Unarmed Combat
  1590 | D:3      | Reached XP level 5. HP: 27/46 MP: 4/4
  1712 | D:3      | Found a shimmering altar of Xom.
  1714 | D:3      | Noticed an angel
  1717 | D:3      | Found a glowing silver altar of Zin.
  1732 | D:3      | Reached skill level 6 in Unarmed Combat
  2111 | D:3      | Found a glowing golden altar of the Shining One.
  2114 | D:3      | Found an opulent altar of Gozag.
  2348 | D:3      | Reached XP level 6. HP: 54/54 MP: 5/5
  2553 | D:4      | Reached skill level 7 in Unarmed Combat
  2786 | D:4      | Found a radiant altar of Vehumet.
  3434 | D:5      | Entered Level 5 of the Dungeon
  3438 | D:5      | Gained mutation: Your spells are a little easier to cast, but a little less powerful. [potion of mutation]
  3438 | D:5      | Gained mutation: Armour fits poorly on your strangely shaped body. [potion of mutation]
  3438 | D:5      | Gained mutation: You are surrounded by a mild repulsion field (EV +2). [potion of mutation]
  3580 | D:5      | Reached XP level 7. HP: 57/61 MP: 5/5
  3642 | D:5      | Found an ancient bone altar of Kikubaaqudgha.
  3667 | D:5      | Found Yfakasuf's Weapon Boutique.
  3667 | D:5      | Found a staircase to the Ecumenical Temple.
  3679 | D:5      | Noticed l0ser140's ghost (experienced OpTm)
  3688 | D:5      | Killed l0ser140's ghost
  3688 | D:5      | Reached skill level 8 in Unarmed Combat
  3690 | Temple   | Entered the Ecumenical Temple
  4054 | D:5      | Reached skill level 9 in Unarmed Combat
  4574 | D:6      | Noticed Ijyb
  4584 | D:6      | Killed Ijyb
  4761 | D:6      | Found Cuonek's Assorted Antiques.
  4769 | D:6      | Bought a scroll labeled CHUNEWNOUME for 21 gold pieces
  4769 | D:6      | Bought 2 scrolls labeled FOYTOMM SCHEPHU for 42 gold pieces
  4769 | D:6      | Bought a fizzy cyan potion for 18 gold pieces
  4769 | D:6      | Bought a scroll labeled CLEUKE RIOW for 21 gold pieces
  4769 | D:6      | Bought a scroll labeled BURURA LEU for 21 gold pieces
  4817 | D:6      | Noticed Sigmund
  4836 | D:6      | Killed Sigmund
  4836 | D:6      | Reached XP level 8. HP: 42/68 MP: 6/6
  4889 | D:6      | Noticed Prince Ribbit
  4898 | D:6      | Killed Prince Ribbit
  4898 | D:6      | Reached skill level 10 in Unarmed Combat
  4995 | D:6      | Noticed Menkaure
  5004 | D:6      | Killed Menkaure
  5627 | D:6      | Identified the Almanac of Fire
  5714 | D:7      | Noticed Joseph
  5725 | D:7      | Killed Joseph
  5725 | D:7      | Reached skill level 11 in Unarmed Combat
  5821 | D:7      | Found a sparkling altar of Nemelex Xobeh.
  5860 | D:7      | Gained mutation: Your spells are easier to cast, but less powerful. [potion of mutation]
  5860 | D:7      | Gained mutation: Your system is resistant to poisons. [potion of mutation]
  5860 | D:7      | Lost mutation: Armour fits poorly on your strangely shaped body. [potion of mutation]
  5861 | D:7      | Found a blossoming altar of Fedhas.
  5996 | D:7      | Noticed Duvessa
  5996 | D:7      | Noticed Dowan
  6001 | D:7      | Killed Duvessa
  6004 | D:7      | Killed Dowan
  6075 | D:7      | Reached XP level 9. HP: 75/75 MP: 7/7
  6090 | D:7      | Reached skill level 12 in Unarmed Combat
  6227 | D:7      | Found an iron altar of Okawaru.
  6230 | D:7      | Became a worshipper of Warmaster Okawaru
  6311 | D:7      | Found a deep blue altar of Sif Muna.
  6419 | D:7      | Noticed Eustachio
  6446 | D:7      | Killed Eustachio
  6686 | D:8      | Reached skill level 13 in Unarmed Combat
  6764 | D:8      | Noticed a hill giant
  6773 | D:8      | Killed a hill giant
  6773 | D:8      | Acquired Okawaru's first power
  7358 | D:8      | Reached skill level 14 in Unarmed Combat
  7358 | D:8      | Reached XP level 10. HP: 49/83 MP: 7/7
  7436 | D:8      | Found a bloodstained altar of Trog.
  7664 | D:9      | Reached skill level 1 in Fighting
  7668 | D:9      | Found Bluewop's Jewellery Shoppe.
  7839 | D:9      | Found an ancient bone altar of Kikubaaqudgha.
  8042 | D:9      | Noticed a hill giant
  8048 | D:9      | Killed a hill giant
  8067 | D:9      | Found a shadowy altar of Dithmenos.
  8250 | D:9      | Found a staircase to the Orcish Mines.
  8264 | D:9      | Found a roughly hewn altar of Beogh.
  9026 | D:10     | Entered Level 10 of the Dungeon
  9646 | D:10     | Found a staircase to the Lair.
  9924 | D:11     | Reached skill level 5 in Transmutations
  9924 | D:11     | Reached XP level 11. HP: 98/98 MP: 6/7
  9925 | D:11     | Noticed a purple ugly thing
  9932 | D:11     | Killed a purple ugly thing
 10028 | D:11     | Noticed a hill giant
 10037 | D:11     | Killed a hill giant
 10037 | D:11     | Received a gift from Okawaru
 10152 | D:11     | Killed an unseen horror
 10303 | D:11     | Acquired Okawaru's second power
 10450 | D:11     | Found an iron altar of Okawaru.
 10639 | D:11     | Noticed Maurice
 10649 | D:11     | Reached skill level 5 in Fighting
 10697 | D:11     | Killed Maurice
 11247 | Lair:1   | Entered Level 1 of the Lair of Beasts
 11406 | Lair:1   | Received a gift from Okawaru
 12377 | Lair:2   | Noticed Nergalle
 12384 | Lair:2   | HP: 3/105 [crocodile (15)]
 12385 | Lair:2   | Slain by a spectral orc knight

Action                   |  1- 3 |  4- 6 |  7- 9 | 10-12 || total
-------------------------+-------+-------+-------+-------++-------
Melee: Unarmed           |    91 |   218 |   277 |   393 ||   979
Throw: Javelin           |       |       |       |     2 ||     2
 Cast: Beastly Appendage |     5 |    13 |    38 |    67 ||   123
Evoke: Wand              |       |     2 |    14 |    14 ||    30
  Use: Potion            |       |     9 |     2 |     2 ||    13
       Scroll            |       |     4 |    17 |     8 ||    29
 Stab: Paralysed         |       |       |     4 |       ||     4
       Sleeping          |       |       |       |     2 ||     2
  Eat: Chunk             |    18 |    16 |    38 |    41 ||   113
       Fruit             |       |       |       |     5 ||     5
       Royal jelly       |       |       |       |     1 ||     1
